 Dungeon Crawl Stone Soup version 0.31-a0-1068-g5939ac1fb6 (webtiles) character file.

Game seed: 9609921883731597330

411 kae the Chopper (level 6, -1/51 HPs)
             Began as a Minotaur Fighter on Nov 23, 2023.
             Was an Initiate of Qazlal.
             Succumbed to a water moccasin's poison
             ... on level 4 of the Dungeon.
             The game lasted 00:01:24 (3300 turns).

kae the Chopper (Minotaur Fighter)                  Turns: 3300, Time: 00:01:24

Health: -1/51      AC:  6    Str: 22    XL:     6   Next: 58%
Magic:  6/6        EV:  9    Int:  5    God:    Qazlal [......]
Gold:   281        SH:  4    Dex: 10    Spells: 5/5 levels left

rFire   . . .        a - +0 war axe
rCold   . . .        c - +0 buckler
rNeg    . . .        b - +0 scale mail
rPois   .            (helmet restricted)
rElec   .            (no cloak)
rCorr   .            (no gloves)
SInv    .            (no boots)
Will    +....        (no amulet) Stlth
                     Z - ring of wizardry
HPRegen 0.28/turn    (no ring)
MPRegen 0.10/turn

%: wizardry (x1)
@: lethally poisoned (-1 -> -8), enlightened, flying
A: horns 2, retaliatory headbutt
a: Renounce Religion


You were on level 4 of the Dungeon.
You worshipped Qazlal.
Qazlal was noncommittal.
You visited 1 branch of the dungeon, and saw 5 of its levels.

You collected 281 gold pieces.


Innate Abilities, Weirdness & Mutations

You have a pair of horns on your head.
You reflexively headbutt those who attack you in melee.


   Skills:
 - Level 3.6 Fighting
 + Level 7.9 Axes
 - Level 3.6 Armour
 - Level 3.6 Shields
 + Level 2.5 Invocations


You had 5 spell levels left.
You didn't know any spells.
Your spell library contained the following spells:

 Spells                   Type           Power      Damage    Failure   Level
 Slow                     Hex            0%         N/A       52%         1
 Confusing Touch          Hex            0%         N/A       87%         3
 Ozocubu's Armour         Ice            0%         N/A       87%         3
 Sigil of Binding         Hex            0%         N/A       87%         3
 Summon Guardian Golem    Hex/Summ       0%         N/A       87%         3
 Tukima's Dance           Hex            0%         N/A       87%         3
 Vampiric Draining        Necr           0%         2d6       87%         3
 Passage of Golubria      Tloc           0%         N/A       99%         4
 Metabolic Englaciation   Hex/Ice        0%         N/A       100%        5
 Yara's Violent Unravell  Hex/Tmut       0%         3d3       100%        5
 Simulacrum               Ice/Necr       0%         N/A       100%        6
 Orb of Destruction       Conj           0%         9d5       100%        7
 Spellforged Servitor     Conj/Summ      0%         N/A       100%        7

Inventory:

Hand Weapons
 a - a +0 war axe (weapon)
Missiles
 p - 45 stones
 s - 3 curare-tipped darts {=f}
 t - 6 poisoned darts
 B - a throwing net {=f!f}
Armour
 b - a +0 scale mail (worn)
 c - a +0 buckler (worn)
Jewellery
 y - a ring of wizardry
   (You found it on level 4 of the Dungeon)
 z - a ring of wizardry
   (You found it on level 2 of the Dungeon)
 Z - a ring of wizardry (left hand)
   (You found it on level 2 of the Dungeon)
Wands
 u - a wand of charming (23)
   (You found it on level 3 of the Dungeon)
Scrolls
 e - 2 scrolls of noise {unknown}
 f - 3 scrolls of fear {unknown}
 g - 2 scrolls of butterflies {unknown}
 h - 2 scrolls of fog {unknown}
 j - a scroll of silence {unknown}
 l - 6 scrolls of teleportation {unknown}
 m - a scroll of immolation {unknown}
 o - 3 scrolls of identify {unknown}
 q - a scroll of enchant armour {unknown}
 r - a scroll of torment {unknown}
 x - 2 scrolls of enchant weapon {unknown}
Potions
 d - a potion of might
 i - a potion of lignification {unknown}
 k - a potion of haste {unknown}
 n - 2 potions of berserk rage {unknown}
 v - 2 potions of brilliance {unknown}
 w - a potion of curing {unknown}

Dungeon Overview and Level Annotations

Branches:
Dungeon (5/15) Zot: 26664
 Temple: D:4-7

Altars:
Qazlal
Ru

Annotations:
D:3 1 transporter, kae's ghost, amateur DEFE
D:4 2 transporters, Chipwarrior's ghost, novice TeAE
D:5 Duvessa; Prince Ribbit

#......# #...# #.##.##.
###.#.##.# #...# #.......
#........# #...# #.##.##.
#.#.#.#..# #...###### #<......
..#.#.#..#####........## #.......
..#..................#.#####..###
#.###>#.............###..........
#.##.#.#........÷....#.#####..###
#.#.###.####....@..##.## #..###
#..## ##.# #.#..>.....# #.....
..#.###.## #.#...#.#### ####.###
©..†.#.## #.#...#.# #....###
..###.######.#...#.# #.#####§
#.....#.>..........### #.# #§
#.###.......###......#####.#####§
#...............####.#...#.....#§
#..##........##.####......###..##


There were no monsters in sight!


Message History

Your mp is fully restored (6).
You start resting. 😎 HP[+7]
Your hp is fully restored (51).
There is a stone staircase leading down, spattered with blood here.
You climb downwards.
Level annotation: Prince Ribbit Duvessa shouts!
The gnoll shouts!
The hound barks!
You hear an angry hiss.
Prince Ribbit blinks!
The water moccasin bites you but does no damage.
Prince Ribbit blinks!
The water moccasin misses you.
There is a stone staircase leading up here.
Unknown command.
The water moccasin bites you.
The water moccasin bites you but does no damage.
You climb upwards.
Level annotation: 2 transporters, Chipwarrior's ghost, novice TeAE
There is a stone staircase leading down, spattered with blood here.
Unknown command. 😕 HP[-1]
You take 1 damage, and now have 50/51 hp.
You miss the water moccasin.
Your headbutt misses the water moccasin.
The water moccasin bites you but does no damage.
You hit the water moccasin.
Your headbutt misses the water moccasin.
The water moccasin bites you but does no damage.
The water moccasin bites you.
You are poisoned.
The water moccasin poisons you! 😕 HP[-1]
You take 1 damage, and now have 49/51 hp.
You hit the water moccasin.
Your headbutt misses the water moccasin.
You feel very sick. You block the water moccasin's attack.
The water moccasin bites you.
You are more poisoned.
The water moccasin poisons you!
You hit the water moccasin but do no damage.
You headbutt the water moccasin.
You feel very sick. The water moccasin bites you. 😮 HP[-16]
You take 16 damage, and now have 33/51 hp.
MASSIVE DAMAGE!! (PAUSE)
You hit the water moccasin.
You feel very sick. You block the water moccasin's attack.
The water moccasin bites you. 😮 HP[-7]
You take 7 damage, and now have 26/51 hp.
Unknown command.
You miss the water moccasin. You headbutt the water moccasin.
You feel very sick.
The water moccasin bites you but does no damage. 😨 HP[-4]
You take 4 damage, and now have 22/51 hp.
You barely miss the water moccasin.
You feel sick.
The water moccasin bites you but does no damage.
The water moccasin barely misses you. You furiously retaliate!
You headbutt the water moccasin. 😨 HP[-1]
You take 1 damage, and now have 21/51 hp.
Unknown command.
Unknown command.
You barely miss the water moccasin.
You feel very sick.
The water moccasin bites you but does no damage. x2 😨 HP[-3]
You take 3 damage, and now have 18/51 hp.
You barely miss the water moccasin.
You feel sick.
The water moccasin bites you but does no damage. 😨 HP[-1]
You take 1 damage, and now have 17/51 hp.
Unknown command.
You barely miss the water moccasin.
You feel sick. The water moccasin bites you.
* * * LOW HITPOINT WARNING * * *
You are more poisoned.
The water moccasin poisons you! The water moccasin bites you!
* * * LOW HITPOINT WARNING * * *
😱 HP[-9]
You take 9 damage, and now have 8/51 hp.
You slash the water moccasin!
You kill the water moccasin!
Qazlal accepts your kill.
* * * LOW HITPOINT WARNING * * *
You feel very sick.
Your Invocations skill increases to level 2! 😱 HP[-4]
You take 4 damage, and now have 4/51 hp.
* * * LOW HITPOINT WARNING * * *
You feel very sick. 😱 HP[-3]
You take 3 damage, and now have 1/51 hp.
Okay, then.
There is a lethal amount of poison in your body!
It was a potion of enlightenment.
You feel very buoyant.
You fly up into the air.
You die...

Skill      XL: |  1  2  3  4  5  6 |
---------------+-------------------+-----
Axes           | 3 4 5 7 |  7.9
Invocations    | 1 2 |  2.5
Fighting       | |  3.6
Armour         | |  3.6
Shields        | |  3.6

Action                     |  1- 3 |  4- 6 || total
---------------------------+-------+-------++-------
  Melee: War axe           |    44 |    90 ||   134
         Headbutt          |     2 |     9 ||    11
    Use: Potion            |       |     1 ||     1
 Armour: Scale mail        |    24 |    61 ||    85
  Dodge: Dodged            |    20 |    25 ||    45
  Block: Buckler           |     9 |    22 ||    31

Levels and vault maps discovered:
D:1:      co_arrival_random_square_maze, layout_rooms, st_stairs_8
D:2:      kb_forest_paths, layout_basic
D:3:      layout_basic, mainiacjoe_overflow_six_doors_small,
          gammafunk_ghost_mausoleum, hex_medium, hangedman_decor_push
D:4:      layout_loops_cross, nicolae_qazlal_eye_of_the_storm,
          gammafunk_ghost_stat_death, minivault_14, minmay_quadrilaterals
D:5:      layout_loops_ring, uniq_duvessa, uniq_prince_ribbit1,
          uniq_crazy_yiuf_cottage

Notes
Turn   | Place    | Note
-------+----------+-------------------------------------------
     0 | D:1      | kae the Minotaur Fighter began the quest for the Orb.
     0 | D:1      | Reached XP level 1. HP: 19/19 MP: 0/0
     0 | D:1      | magus.rc [v1.11.3]
    11 | D:1      | You add the spells Tukima's Dance, Passage of Golubria and
                  | Yara's Violent Unravelling to your library.
   171 | D:1      | Reached skill level 3 in Axes
   204 | D:1      | Reached XP level 2. HP: 26/26 MP: 1/1
   328 | D:1      | Reached skill level 4 in Axes
   602 | D:2      | Reached XP level 3. HP: 30/31 MP: 2/2
   612 | D:2      | Reached skill level 5 in Axes
   634 | D:2      | You pick up a book of Winter and begin reading...
   634 | D:2      | You add the spells Ozocubu's Armour, Metabolic Englaciation
                  | and Simulacrum to your library.
   757 | D:2      | Reached XP level 4. HP: 39/39 MP: 3/3
  1708 | D:3      | Found a transporter.
  1711 | D:3      | Noticed kae's ghost (amateur DEFE)
  2005 | D:3      | Found a sacrificial altar of Ru.
  2054 | D:3      | You pick up a book of Dangerous Friends and begin
                  | reading...
  2054 | D:3      | You add the spells Summon Guardian Golem, Orb of
                  | Destruction and Spellforged Servitor to your library.
  2363 | D:4      | Found a stormy altar of Qazlal.
  2412 | D:4      | Became a worshipper of Qazlal Stormbringer
  2457 | D:4      | You pick up a book of Debilitation and begin reading...
  2457 | D:4      | You add the spells Slow, Sigil of Binding, Vampiric
                  | Draining and Confusing Touch to your library.
  2508 | D:4      | Reached skill level 6 in Axes
  2512 | D:4      | Found a transporter.
  2537 | D:4      | Noticed Chipwarrior's ghost (novice TeAE)
  2538 | D:4      | Noticed a black bear
  2542 | D:4      | Killed a black bear
  2543 | D:4      | Reached skill level 7 in Axes
  2543 | D:4      | Reached XP level 5. HP: 41/45 MP: 4/4
  3022 | D:4      | Found a transporter.
  3191 | D:5      | Entered Level 5 of the Dungeon
  3193 | D:5      | Noticed Prince Ribbit
  3228 | D:5      | Noticed a water moccasin
  3228 | D:5      | Noticed a phantom
  3238 | D:4      | Killed a phantom
  3239 | D:4      | Reached skill level 1 in Invocations
  3239 | D:4      | Reached XP level 6. HP: 38/51 MP: 4/6
  3285 | D:5      | Noticed Duvessa
  3297 | D:4      | HP: 8/51 [water moccasin (8)]
  3298 | D:4      | Killed a water moccasin
  3299 | D:4      | Reached skill level 2 in Invocations
  3299 | D:4      | HP: 1/51 [poisoned by a water moccasin]
  3300 | D:4      | Succumbed to a water moccasin's poison

Vanquished Creatures
  A water moccasin (D:4)
  A black bear (D:4)
  A phantom (D:4)
  5 gnolls
  3 adders
  2 dart slugs
  2 worms
  9 endoplasms
  2 giant cockroaches
  3 goblins
  8 hobgoblins
  A jackal (D:4)
  A quokka (D:4)
  9 ball pythons
  4 bats
  3 frilled lizards (D:1)
  2 kobolds
  6 rats
63 creatures vanquished.

Table legend:
 A = Non-vault XP
 B = Vault XP
 C = Vault XP percentage of total XP
 D = Non-vault monster count
 E = Vault monster count
 F = Vault count percentage of total count
                 A         B        C        D         E       F
            +---------+---------+-------+---------+---------+-------
      Total |     560 |      28 |   4.8 |      54 |       9 |  14.3
            +---------+---------+-------+---------+---------+-------
        D:1 |      37 |       0 |   0.0 |      16 |       0 |   0.0
        D:2 |      84 |      10 |  10.6 |      18 |       6 |  25.0
        D:3 |       5 |       0 |   0.0 |       4 |       0 |   0.0
        D:4 |     434 |      18 |   4.0 |      16 |       3 |  15.8
            +---------+---------+-------+---------+---------+-------

Skill      XL: |  1  2  3  4  5  6 |
---------------+-------------------+-----
Axes           | 3 4 5 7 |  7.9
Invocations    | 1 2 |  2.5
Fighting       | |  3.6
Armour         | |  3.6
Shields        | |  3.6

Action                     |  1- 3 |  4- 6 || total
---------------------------+-------+-------++-------
  Melee: War axe           |    44 |    90 ||   134
         Headbutt          |     2 |     9 ||    11
    Use: Potion            |       |     1 ||     1
 Armour: Scale mail        |    24 |    61 ||    85
  Dodge: Dodged            |    20 |    25 ||    45
  Block: Buckler           |     9 |    22 ||    31

Illustrated notes

Table legend:
 A = Kills in this place as a percentage of kills in the entire game.
 B = Kills by you in this place as a percentage of kills by you in the entire game.
 C = Kills by friends in this place as a percentage of kills by friends in the entire game.
 D = Other kills in this place as a percentage of other kills in the entire game.
 E = Experience gained in this place as a percentage of experience gained in the entire game.
 F = Experience gained in this place divided by the number of levels of this place that you have seen.
                   A       B       C       D       E      F
               +-------+-------+-------+-------+-------+----------------------
         Total | 100.0 | 100.0 |   N/A |   N/A | 100.0 | 117.6
       Dungeon | 100.0 | 100.0 |   N/A |   N/A | 100.0 | 117.6
               +-------+-------+-------+-------+-------+----------------------

Table legend: (Time is in decaauts)
 A = Elapsed time spent in this place.
 B = Non-inter-level travel time spent in this place.
 C = Inter-level travel time spent in this place.
 D = Time resting spent in this place.
 E = Time spent auto-exploring this place.
 F = Levels seen in this place.
 G = Mean time per level.
                   A        B        C        D        E       F      G
               +--------+--------+--------+--------+--------+-----+--------+
         Total |   3335 |   3162 |    173 |    106 |   2658 |   5 |  667.0 |
       Dungeon |   3335 |   3162 |    173 |    106 |   2658 |   5 |  667.0 |
               +--------+--------+--------+--------+--------+-----+--------+

Top non-repeatable levels by time:
     D:4: 991 daAuts
     D:3: 944 daAuts
     D:2: 802 daAuts
     D:1: 585 daAuts
     D:5: 10 daAuts
